 Dungeon Crawl Stone Soup version 0.25.1-2-g60ff931df9 (webtiles) character file.

Game seed: 10412901019111167399

31 Drachen the Magician (level 3, -1/21 HPs)
             Began as an Octopode Wizard on Oct 20, 2020.
             Slain by a worm (8 damage)
             ... on level 2 of the Dungeon.
             The game lasted 00:02:21 (1158 turns).

Drachen the Magician (Octopode Wizard)              Turns: 1158, Time: 00:02:22

Health: -1/21      AC:  1    Str:  6    XL:     3   Next: 22%
Magic:  3/8        EV: 13    Int: 21    God:
Gold:   30         SH:  0    Dex: 10    Spells: 8/9 levels left

rFire    . . .     SeeInvis .   b - +0 short sword
rCold    . . .     Gourm    .   (no shield)
rNeg     . . .     Faith    .   a - +0 hat
rPois    .         Spirit   .   (no amulet)
rElec    .         Reflect  .   (no ring)
rCorr    .         Harm     .   (no ring)
MR       .....                  (no ring)
Stlth    +++.......             (no ring)
HPRegen  0.07/turn              (no ring)
MPRegen  0.11/turn              (no ring)
                                (no ring)
                                (no ring)

@: no status effects
A: almost no armour, stealthy swim, amphibious, 8 rings, constrict 8, camouflage
1, gelatinous body 1
a: no special abilities


You were on level 2 of the Dungeon.
You were not hungry.

You visited 1 branch of the dungeon, and saw 2 of its levels.

You collected 30 gold pieces.

Inventory:

Hand Weapons
 b - a +0 short sword (weapon)
Armour
 a - a +0 hat (worn)
Jewellery
 k - a cursed ring of wizardry {unknown}
Scrolls
 d - 4 scrolls of identify {unknown}
 f - a scroll of blinking {unknown}
 g - a scroll of noise {unknown}
 j - a scroll of amnesia {unknown}
Potions
 e - a potion of lignification {unknown}
 i - a potion of ambrosia {unknown}
Comestibles
 c - 4 rations
 h - a chunk of flesh


   Skills:
 + Level 0.9 Short Blades
 + Level 2.1 Dodging
 + Level 3.0 Stealth
 + Level 3.7 Spellcasting
 + Level 1.0 Conjurations
   Level 1.0 Summonings
   Level 1.0 Translocations


You had 8 spell levels left.
You knew the following spells:

 Your Spells              Type           Power        Failure   Level  Hunger
a - Magic Dart            Conj           #...         9%          1    None

Your spell library contained the following spells:

 Spells                   Type           Power        Failure   Level  Hunger
 Blink                    Tloc           N/A          12%         2    ##.....
 Call Imp                 Summ           #.......     12%         2    ##.....
 Slow                     Hex            #.......     19%         2    ##.....
 Conjure Flame            Conj/Fire      #.......     30%         3    ###....
 Mephitic Cloud           Conj/Pois/Air  #.......     32%         3    ###....


Dungeon Overview and Level Annotations

Branches:
Dungeon (2/15)

Altars:


Innate Abilities, Weirdness & Mutations

You cannot wear most types of armour.
You are very stealthy in the water. (Stealth+)
You are amphibious.
You can wear up to eight rings at the same time.
You can use your tentacles to constrict eight enemies at once.
Your skin changes colour to match your surroundings (Stealth+).
Your rubbery body absorbs attacks. (AC +1, EV +1)


Message History

The magic dart hits the worm.
The worm is heavily wounded.
You constrict the worm. The worm barely misses you.
Casting: Magic Dart (safe; 9% risk of failure)
Confirm with . or Enter, or press ? or * to list all spells.
Aiming: Magic Dart (safe; 9% risk of failure)
Press: ? - help, Shift-Dir - straight line, f/p - worm
Aim: a worm (heavily wounded, constricted by you)
The magic dart hits the worm.
The worm is severely wounded.
You constrict the worm.
Casting: Magic Dart (safe; 9% risk of failure)
Confirm with . or Enter, or press ? or * to list all spells.
Aiming: Magic Dart (safe; 9% risk of failure)
Press: ? - help, Shift-Dir - straight line, f/p - worm
Aim: a worm (severely wounded, constricted by you)
The magic dart hits the worm.
The worm is almost dead.
You constrict the worm. The worm bites you!
You die...

.....# #.... #.....
###.# #..... #....#
##### #....# .# #....
#..†)# #w# ##.... #.#
#.# ...... #.###.#
########## #.@##.#
#......... #.w##.#
#......### #..#...#.#
#......# ..........#
#......#
#...###...#######'#####
..... ##.......[#......
..#. #........####### .
#. #........#
#.>......#


You could see a worm.

Vanquished Creatures
  A dart slug (D:1)
  2 leopard geckos (D:1)
  2 giant cockroaches
  A goblin (D:1)
  4 hobgoblins
  4 kobolds (D:1)
  8 bats
  A frilled lizard (D:1)
  A rat (D:1)
24 creatures vanquished.

Vanquished Creatures (others)
  A goblin (D:2)
  7 toadstools (D:1)
8 creatures vanquished.

Grand Total: 32 creatures vanquished

Notes
Turn   | Place    | Note
-------+----------+-------------------------------------------
     0 | D:1      | Drachen the Octopode Wizard began the quest for the Orb.
     0 | D:1      | Reached XP level 1. HP: 11/11 MP: 4/4
   178 | D:1      | Reached XP level 2. HP: 15/17 MP: 6/6
   944 | D:1      | Reached XP level 3. HP: 21/21 MP: 8/8
  1158 | D:2      | Slain by a worm

Illustrated notes

Levels and vault maps discovered:
D:1:      nagdon_arrival_double_spiral, layout_rooms
D:2:      layout_basic, nicolae_overflow_crystal_walls,
          grunt_temple_overflow_holy_war, chequers_ecumenical_altar_grove,
          uniq_crazy_yiuf_cottage

Skill      XL: |  1  2  3 |
---------------+----------+-----
Stealth        | 3 |  3.0
Short Blades   | |  0.9
Dodging        | |  2.1
Spellcasting   | |  3.7
Conjurations   | |  1.0
Summonings     | |  1.0
Translocations | |  1.0

Action                   || total
-------------------------++-------
Melee: Unarmed           ||    13
       Constrict         ||    20
       Short sword       ||    61
       Tentacles         ||     9
 Cast: Magic Dart        ||     9
 Stab: Sleeping          ||     5
       Distracted        ||     1
  Eat: Chunk             ||     1
Armor: Skin              ||    12
Dodge: Dodged            ||    56
